 Dungeon Crawl Stone Soup version 0.28.0-49-g6dfe1f597d (webtiles) character file.

Game seed: 15498007291268804341

133 Exodus22XD the Insei (level 5, -1/33 HPs)
             Began as an Octopode Transmuter on May 19, 2022.
             Slain by an orc priest
             ... wielding a +1 mace of holy wrath
              (7 damage)
             ... on level 3 of the Dungeon.
             The game lasted 00:02:57 (3154 turns).

Exodus22XD the Insei (Octopode Transmuter)          Turns: 3154, Time: 00:02:59

Health: -1/33      AC:  1    Str:  9    XL:     5   Next: 16%
Magic:  4/8        EV: 17    Int: 18    God:
Gold:   97         SH:  0    Dex: 12    Spells: 2/8 levels left

rFire   . . .      SeeInvis .   b - +1 hand axe (vorpal)
rCold   . . .      Faith    .   (no shield)
rNeg    . . .      Spirit   .   (helmet currently unavailable)
rPois   .          Reflect  .   (no amulet)
rElec   .          Harm     .   h - +4 ring of evasion
rCorr   .          Rampage  .   (no ring)
Will    .....                   (no ring)
Stlth   +++.......              (no ring)
HPRegen 0.11/turn               (no ring)
MPRegen 0.11/turn               (no ring)
                                (no ring)
                                (no ring)

@: appendages, wereblooded (expiring)
A: tentacle spike 3, almost no armour, amphibious, 8 rings, camouflage 1,
gelatinous body 1, (nimble swimmer 1), tentacles
a: End Transformation


You were on level 3 of the Dungeon.
One of your tentacles had grown a beastly spike.
You visited 1 branch of the dungeon, and saw 4 of its levels.

You collected 97 gold pieces.

Inventory:

Hand Weapons
 b - a +1 vorpal hand axe (weapon)
Jewellery
 d - a ring of ice
 h - a +4 ring of evasion (left tentacle)
Scrolls
 c - 5 scrolls of identify {unknown}
 f - 2 scrolls of fear {unknown}
Potions
 a - a potion of lignification {unknown}
 e - a potion of mutation {unknown}
 g - a potion of curing {unknown}
 i - a potion of attraction {unknown}


   Skills:
 + Level 1.3 Fighting
 + Level 1.1 Axes
 + Level 2.5 Dodging
 + Level 3.2 Stealth
 + Level 4.0 Unarmed Combat
 + Level 2.2 Spellcasting
 + Level 2.3 Transmutations


You had 2 spell levels left.
You knew the following spells:

 Your Spells              Type           Power      Damage    Failure   Level
a - Beastly Appendage     Tmut           20%        N/A       7%          1
b - Wereblood             Tmut           10%        N/A       11%         2
c - Spider Form           Tmut/Pois      6%         N/A       32%         3

Your spell library contained the following spells:

 Spells                   Type           Power      Damage    Failure   Level
 Foxfire                  Conj/Fire      4%         2x1d4     19%         1
 Shock                    Conj/Air       4%         1d3       19%         1
 Conjure Flame            Conj/Fire      1%         6-21      47%         3
 Inner Flame              Hex/Fire       1%         N/A       47%         3
 Swiftness                Air            1%         N/A       47%         3
 Ice Form                 Ice/Tmut       6%         N/A       73%         4
 Airstrike                Air            0%         N/A       87%         4
 Flame Wave               Conj/Fire      1%         2d4       87%         4


Dungeon Overview and Level Annotations

Branches:
Dungeon (4/15)
 Temple: D:4-7

Altars:

Annotations:
D:2 1 runed translucent door, Crazy Yiuf
D:4 Edmund, Eustachio


Innate Abilities, Weirdness & Mutations

One of your tentacles has grown a beastly spike.
You cannot wear most types of armour.
You are amphibious.
You can wear up to eight rings at the same time.
Your skin changes colour to match your surroundings (Stealth+).
Your rubbery body absorbs attacks. (AC +1, EV +1)
((You are camouflaged when in or above water. (Stealth+)))
You have tentacles for arms and can constrict up to eight enemies at once.


Message History

The orc is almost dead.
You miss the orc priest. You miss the orc wizard.
You feel a bit better.
You kill the orc!
The orc wizard hits you with a +0 dagger.
The orc priest barely misses you. The orc wizard barely misses you.
You closely miss the orc priest. Your squeeze misses the orc priest.
You hit the orc wizard. The orc priest misses you.
The orc wizard hits you with a +0 dagger.
The orc priest calls upon Beogh to heal the orc wizard.
The orc wizard's wounds heal themselves!
You closely miss the orc priest. Your squeeze misses the orc priest.
You barely miss the orc priest. You barely miss the orc wizard.
Your primal bloodlust is almost over.
The orc priest closely misses you.
The orc wizard hits you with a +0 dagger.
The orc priest closely misses you.
You hit the orc wizard.
The orc wizard is heavily wounded.
You hit the orc priest. x2
The orc priest calls upon Beogh to heal the orc wizard.
The orc wizard is healed somewhat.
The orc wizard hits you with a +0 dagger.
The orc priest hits you with a +0 club. The orc priest misses you.
You're too confused to move!
You feel less confused. The orc wizard barely misses you.
The orc priest closely misses you. x2
Casting: Spider Form (quite dangerous; 32% risk of failure)
Confirm with . or Enter, or press ? or * to list all spells.
One of your tentacles grows a vicious spike.
The orc wizard barely misses you. The orc priest hits you with a +0 club.
* * * LOW HITPOINT WARNING * * *
The orc priest calls down the wrath of Beogh upon you.
You barely resist. You hit the orc priest. You grab the orc priest.
You squeeze the orc priest.
The orc priest is almost dead.
You closely miss the orc wizard. You barely miss the orc priest.
You constrict the orc priest. The orc wizard misses you.
The orc priest closely misses you.
The orc priest hits you with a +1 mace of holy wrath!
You die...

.. ##......######.#
.#[.###......#### #.....
......<.##......###.....
.####...................
..# ####..........######
#...## #..........##
#...##!...........
#...oo...<.......
..#)@o...........
####......[.###
#..........#
#$..)......#
#..........#
#..o.......#
#..........#


You could see 2 orc priests and an orc wizard.

Vanquished Creatures
  A scorpion (D:2)
  An adder (D:2)
  A worm (D:3)
  A dart slug (D:1)
  3 orcs (D:3)
  3 bats
  3 endoplasms (D:1)
  2 giant cockroaches
  4 goblins (D:1)
  6 hobgoblins
  9 kobolds
  3 quokkas
  4 ball pythons
  3 frilled lizards
  9 rats
53 creatures vanquished.

Notes
Turn   | Place    | Note
-------+----------+-------------------------------------------
     0 | D:1      | Exodus22XD the Octopode Transmuter began the quest for the
                  | Orb.
     0 | D:1      | Reached XP level 1. HP: 13/13 MP: 3/3
   293 | D:1      | Reached XP level 2. HP: 18/18 MP: 5/5
   347 | D:1      | Learned a level 2 spell: Wereblood
  1059 | D:1      | Reached skill level 1 in Stealth
  1059 | D:1      | Reached XP level 3. HP: 21/23 MP: 6/6
  1117 | D:1      | Learned a level 3 spell: Spider Form
  2378 | D:2      | Found a runed translucent door.
  2379 | D:2      | Noticed Crazy Yiuf
  2426 | D:2      | You fall into a shaft and drop 2 floors!
  2441 | D:4      | Noticed Edmund
  2441 | D:4      | Noticed Eustachio
  2558 | D:3      | Reached XP level 4. HP: 28/28 MP: 7/7
  2671 | D:3      | Noticed a scorpion
  3091 | D:2      | Killed a scorpion
  3092 | D:2      | Reached skill level 1 in Axes
  3092 | D:2      | Reached skill level 4 in Unarmed Combat
  3092 | D:2      | Reached XP level 5. HP: 30/33 MP: 3/8
  3154 | D:3      | Slain by an orc priest

Illustrated notes

Levels and vault maps discovered:
D:1:      dpeg_arrival_shelter, layout_loops_ring
D:2:      layout_basic, uniq_crazy_yiuf_cottage
D:3:      layout_rooms
D:4:      layout_rooms, dancing_weapons_uskayaw, kennysheep_mini,
          lemuel_zombie_altar_yredelemnul, cheibrodos_sewer_entry_bend,
          serial_shops, shop, uniq_eustachio, uniq_duvessa, uniq_edmund

Skill      XL: |  1  2  3  4 |
---------------+-------------+-----
Stealth        | 1 2 3 |  3.2
Axes           | 1 |  1.1
Unarmed Combat | 4 |  4.0
Fighting       | |  1.3
Dodging        | |  2.5
Spellcasting   | |  2.2
Transmutations | |  2.3

Action                   |  1- 3 |  4- 6 || total
-------------------------+-------+-------++-------
Melee: Unarmed           |    69 |     6 ||    75
       Constrict         |    23 |     5 ||    28
       Tentacles         |    17 |     5 ||    22
       Kick              |     2 |       ||     2
       Hand axe          |    27 |    23 ||    50
       Punch             |     1 |     2 ||     3
 Cast: Beastly Appendage |     1 |     1 ||     2
       Wereblood         |       |     2 ||     2
       Spider Form       |       |     1 ||     1
 Stab: Sleeping          |     8 |     1 ||     9
       Distracted        |       |     2 ||     2
Armor: Skin              |     6 |       ||     6
Dodge: Dodged            |    59 |    33 ||    92
